 Dungeon Crawl Stone Soup version 0.27-a0-1529-g1e82c303ef (webtiles) character file.

Game seed: 5921480907520697150

3027 Demosthentine the Spear-Bearer (level 9, 0/108 HPs)
             Began as a Merfolk Gladiator on July 11, 2021.
             Was a Believer of the Shining One.
             Succumbed to an orc warrior's poison
             ... on level 8 of the Dungeon.
             The game lasted 00:07:54 (8817 turns).

Demosthentine the Spear-Bearer (Merfolk Gladiator)  Turns: 8817, Time: 00:07:54

Health: 0/108      AC: 24    Str: 16    XL:     9   Next: 85%
Magic:  9/9        EV:  2    Int: 13    God:    the Shining One [**....]
Gold:   450        SH:  5    Dex: 17    Spells: 8/8 levels left

rFire    . . .     SeeInvis .   a - +0 trident
rCold    . . .     Faith    .   (no shield)
rNeg     + + +     Spirit   .   (armour currently unavailable)
rPois    +         Reflect  +   (helmet currently unavailable)
rElec    .         Harm     .   (cloak currently unavailable)
rCorr    .         Rampage  .   (gloves currently unavailable)
Will     .....     NoTele   +   (boots currently unavailable)
Stlth    +.........             e - amulet of reflection
HPRegen  1.28/turn              q - ring of poison resistance
MPRegen  0.11/turn              s - +6 ring of intelligence

@: lethally poisoned (0 -> -3), tree-form, glowing
A: stationary, stasis, torment immunity, boosted hp, (nimble swimmer 2),
(mertail), (iridescent scales 1), regeneration 1
a: Renounce Religion, Divine Shield


You were on level 8 of the Dungeon.
You worshipped the Shining One.
The Shining One was pleased with you.
You were a tree.
You visited 2 branches of the dungeon, and saw 9 of its levels.

You collected 484 gold pieces.
You donated 34 gold pieces to Zin.

Inventory:

Hand Weapons
 a - a +0 trident (weapon)
Missiles
 d - 3 throwing nets (quivered)
 p - 7 curare-tipped darts
Armour
 c - a +0 helmet (melded)
 j - +0 steam dragon scales (melded)
 k - a +0 pair of gloves (melded)
 x - a +0 buckler
Jewellery
 e - an amulet of reflection (around neck)
 o - a ring of willpower
 q - a ring of poison resistance (left branch)
 s - a +6 ring of intelligence (right branch)
Wands
 b - a wand of iceblast (13)
 i - a wand of flame (18)
 l - a wand of paralysis (22)
Scrolls
 g - a scroll of magic mapping
 h - 2 scrolls of summoning
 r - 2 scrolls of teleportation
 w - a scroll of amnesia
 y - a scroll of identify
Potions
 f - a potion of brilliance
 m - 2 potions of lignification
 t - a potion of mutation
 u - a potion of resistance
 v - a potion of flight


   Skills:
 + Level 7.5 Fighting
 + Level 10.3 Polearms
 - Level 2.0 Throwing
 + Level 4.8 Armour
 + Level 9.4 Dodging
 + Level 2.4 Shields


You had 8 spell levels left.
You didn't know any spells.
Your spell library contained the following spells:

 Spells                   Type           Power      Damage    Failure   Level
 Apportation              Tloc           0%         N/A       30%         1
 Frozen Ramparts          Ice            0%         1d2       67%         3
 Ice Form                 Ice/Tmut       0%         N/A       97%         4
 Summon Ice Beast         Ice/Summ       0%         N/A       97%         4
 Alistair's Intoxication  Tmut/Pois      0%         N/A       100%        5
 Manifold Assault         Tloc           0%         N/A       100%        5
 Summon Forest            Summ/Tloc      0%         N/A       100%        5
 Invisibility             Hex            0%         N/A       100%        6


Dungeon Overview and Level Annotations

Branches:
Dungeon (8/15)             Temple (1/1) D:6
   Lair: D:8-11

Altars:
Ashenzari
Cheibriados
Dithmenos
Elyvilon
Fedhas
Gozag
Hepliaklqana
Kikubaaqudgha
Makhleb
Nemelex Xobeh
Okawaru
Qazlal
Ru
Sif Muna
Trog
Vehumet
Wu Jian
Xom
Zin
The Shining One

Shops:
D:8 (

Annotations:
D:8 2 transporters


Innate Abilities, Weirdness & Mutations

You are a tree.
Your roots penetrate the ground, keeping you stationary.
You cannot be teleported.
You are immune to unholy pain and torment.
Your maximum health is greatly increased.
Your equipment is partially melded.
((You are quick and stealthy near water. (Stealth+, EV+, Speed+++)))
((Your lower body shifts to a powerful aquatic tail in water.))
((You are partially covered in iridescent scales. (AC +2)))
Your natural rate of healing is unusually fast.


Message History

You feel sick.
The orc warrior hits you with a +0 short sword of venom!
* * * LOW HITPOINT WARNING * * *
You hit the orc warrior.
The orc warrior is severely wounded.
You feel sick. The orc warrior closely misses you.
Really quaff the potion of lignification?
You turn into a tree.
Your +0 helmet melds into your body.
Your +0 pair of gloves melds into your body.
Your +0 steam dragon scales melds into your body.
Your roots penetrate the ground.
You feel sick.
The orc warrior hits you but does no damage.
You are more poisoned.
Unknown command.
You hit the orc warrior but do no damage.
The orc warrior is severely wounded.
You feel sick.
The orc warrior hits you but does no damage.
You hit the orc warrior but do no damage.
The orc warrior is severely wounded.
You feel sick.
The orc warrior hits you but does no damage.
You hit the orc warrior.
The orc warrior is almost dead.
You feel sick.
Unknown command.
You hit the orc warrior but do no damage.
The orc warrior is almost dead.
You feel sick.
The orc warrior hits you but does no damage.
You are lethally poisoned!
You hit the orc warrior but do no damage.
The orc warrior is almost dead.
* * * LOW HITPOINT WARNING * * *
You feel very sick. You block the orc warrior's attack.
Unknown command.
You hit the orc warrior.
The orc warrior is almost dead.
You die...

#.#.#........©#.#
#.#.#e.#...#..#.#
#.#.#c#..©..#.#.#
#.#.#{y.......#.#
#.######.#.##8H....8##.#
.....o...#..#########..#
#..o.......©..
#o#o####.....# .o.#♣#
....## #####......####
..###### ####


You could see a centaur warrior, a deep elf pyromancer, an orc warrior and an
orc wizard (invisible).

Vanquished Creatures
  Joseph (D:8)
  The ghost of TerrariaFan the Covered, an amateur MiFi of Okawaru (D:4)
  3 steam dragons
  2 water moccasins (D:6)
  An ice beast (D:8)
  A black bear (D:6)
  A sky beast (D:5)
  2 necrophages
  A centaur (D:8)
  An ogre (D:5)
  A phantom (D:4)
  2 kobold brigands
  A gnoll sergeant (D:7)
  A bullfrog (D:7)
  A wyvern zombie (D:6)
  A water moccasin skeleton (D:5)
  3 howler monkeys
  A gnoll shaman (D:7)
  4 hounds
  2 orc priests
  A centaur skeleton (D:6)
  An iguana (D:5)
  A jelly (D:5)
  Natasha (thrice) (D:3)
  2 orc wizards
  A hound zombie (D:5)
  2 hound skeletons
  10 gnolls
  8 adders
  A white imp (D:5)
  An adder skeleton (D:4)
  2 worms
  4 dart slugs
  11 orcs
  4 endoplasms
  2 giant cockroaches
  7 hobgoblins
  4 jackals (D:1)
  9 kobolds
  3 quokkas
  8 ball pythons
  2 bats
  8 frilled lizards
  6 goblins
  3 rats
135 creatures vanquished.

Vanquished Creatures (others)
  A plant (D:5)
1 creature vanquished.

Grand Total: 136 creatures vanquished

Notes
Turn   | Place    | Note
-------+----------+-------------------------------------------
     0 | D:1      | Demosthentine the Merfolk Gladiator began the quest for the
                  | Orb.
     0 | D:1      | Reached XP level 1. HP: 16/16 MP: 1/1
   111 | D:1      | Reached XP level 2. HP: 22/23 MP: 2/2
   686 | D:1      | Reached XP level 3. HP: 28/28 MP: 3/3
   953 | D:2      | Reached skill level 5 in Polearms
  1072 | D:2      | Reached skill level 1 in Armour
  1391 | D:2      | Reached XP level 4. HP: 35/35 MP: 4/4
  1862 | D:2      | Found a faded altar of an unknown god.
  2128 | D:3      | Found a glowing silver altar of Zin.
  2165 | D:3      | Became a worshipper of Zin the Law-Giver
  2165 | D:3      | Reached * piety under Zin
  2221 | D:3      | Reached skill level 5 in Dodging
  2221 | D:3      | Reached XP level 5. HP: 26/41 MP: 5/5
  2413 | D:3      | Noticed Natasha
  2424 | D:3      | Killed Natasha
  2668 | D:3      | Noticed Natasha
  2676 | D:3      | Killed Natasha
  2709 | D:3      | Noticed Natasha
  2712 | D:3      | Killed Natasha
  2757 | D:3      | Reached skill level 6 in Polearms
  2973 | D:3      | Reached XP level 6. HP: 45/48 MP: 6/6
  3307 | D:4      | Found a runed translucent door.
  3620 | D:4      | Reached ** piety under Zin
  4182 | D:4      | Noticed TerrariaFan's ghost (amateur MiFi)
  4270 | D:4      | Killed TerrariaFan's ghost
  4271 | D:4      | Reached skill level 7 in Polearms
  4271 | D:4      | Reached XP level 7. HP: 38/55 MP: 7/7
  4277 | D:4      | Reached *** piety under Zin
  4320 | D:5      | Entered Level 5 of the Dungeon
  4409 | D:5      | Reached skill level 5 in Fighting
  4515 | D:5      | Reached XP level 8. HP: 42/62 MP: 8/8
  4935 | D:5      | Found a blossoming altar of Fedhas.
  4980 | D:5      | Got Hemit's Incunabulum of the Engineer
  5038 | D:5      | Reached skill level 8 in Polearms
  5689 | D:6      | Found a white marble altar of Elyvilon.
  6207 | D:6      | Found a staircase to the Ecumenical Temple.
  6217 | Temple   | Entered the Ecumenical Temple
  6345 | Temple   | Fell from the grace of Zin
  6345 | Temple   | Became a worshipper of the Shining One
  6345 | Temple   | Reached * piety under the Shining One
  6436 | D:6      | Found a bloodstained altar of Trog.
  6444 | D:6      | Found an ancient bone altar of Kikubaaqudgha.
  6461 | D:6      | Reached skill level 9 in Polearms
  7179 | D:6      | Gained mutation: You are partially covered in iridescent
                  | scales. (AC +2) [potion of mutation]
  7179 | D:6      | Gained mutation: Your natural rate of healing is unusually
                  | fast. [potion of mutation]
  7467 | D:7      | Reached XP level 9. HP: 71/71 MP: 9/9
  7524 | D:7      | Reached ** piety under the Shining One
  8517 | D:8      | Reached skill level 1 in Shields
  8630 | D:8      | Found Fevuv's Weapon Emporium.
  8631 | D:8      | Noticed Joseph
  8652 | D:8      | Killed Joseph
  8653 | D:8      | Reached skill level 10 in Polearms
  8749 | D:8      | Found a transporter.
  8749 | D:8      | Noticed a manticore
  8751 | D:8      | Found a burning altar of Makhleb.
  8752 | D:8      | Found an iron altar of Okawaru.
  8752 | D:8      | Noticed a centaur warrior
  8753 | D:8      | Found a snail-covered altar of Cheibriados.
  8753 | D:8      | Noticed a deep elf pyromancer
  8754 | D:8      | Noticed an unseen horror
  8771 | D:8      | Found a transporter.
  8810 | D:8      | HP: 3/72 [poisoned by an orc warrior]
  8815 | D:8      | HP: 3/108 [poisoned by an orc warrior]
  8816 | D:8      | HP: 1/108 [poisoned by an orc warrior]
  8817 | D:8      | Succumbed to an orc warrior's poison

Illustrated notes

Levels and vault maps discovered:
D:1:      sevenhm_arrival_forest_fort_large_2, layout_loops_ring
D:2:      layout_loops_corners, shapermc_ecumenical_altar_mp_vishouse,
          kennysheep_small_spiral
D:3:      layout_loops_ring, overflow_temple_1_default, uniq_natasha
D:4:      layout_basic, ebering_ghost_inner_flame, grunt_decor_junction
D:5:      layout_loops_ring, fedhas_altar_1
D:6:      layout_layer_cave, bloody_trog, mainiacjoe_overflow_small_starburst,
          kiku_gazebo_garden_becter, temple_pool_b
D:7:      layout_basic, minmay_misc_feat_nine_boxes
D:8:      layout_loops_ring, gammafunk_temple_overflow_arena, serial_shops,
          shop, solitary_fountain, uniq_joseph
Temple:   hc_temple_tempest_star

Skill      XL: |  1  2  3  4  5  6  7  8  9 |
---------------+----------------------------+-----
Polearms       | 5 6 7 9 10 | 10.3
Armour         | 1 2 3 4 |  4.8
Fighting       | 3 4 5 6 7 |  7.5
Dodging        | 5 6 8 9 |  9.4
Shields        | 2 |  2.4
Throwing       | |  2.0

Action                   |  1- 3 |  4- 6 |  7- 9 || total
-------------------------+-------+-------+-------++-------
Melee: Trident           |   113 |   177 |   356 ||   646
Throw: Throwing net      |       |       |     2 ||     2
  Use: Scroll            |     3 |     5 |     7 ||    15
       Potion            |       |     3 |     3 ||     6
 Stab: Sleeping          |     3 |     3 |     1 ||     7
Armor: Leather armour    |    21 |    30 |    23 ||    74
       Steam dragon scal |       |       |    27 ||    27
       Skin              |       |       |     4 ||     4
Dodge: Dodged            |    40 |    87 |   167 ||   294
Block: Other             |       |    15 |    56 ||    71
       Reflection        |       |     2 |       ||     2

Table legend: (Time is in decaauts)
 A = Elapsed time spent in this place.
 B = Non-inter-level travel time spent in this place.
 C = Inter-level travel time spent in this place.
 D = Time resting spent in this place.
 E = Time spent auto-exploring this place.
 F = Levels seen in this place.
 G = Mean time per level.
                   A        B        C        D        E       F      G
               +--------+--------+--------+--------+--------+-----+--------+
         Total |   8743 |   8170 |    573 |     20 |   7004 |   9 |  971.4 |
       Dungeon |   8640 |   8068 |    572 |     20 |   6941 |   8 | 1080.0 |
        Temple |    103 |    103 |      0 |      0 |     63 |   1 |  103.0 |
               +--------+--------+--------+--------+--------+-----+--------+

Top non-repeatable levels by time:
     D:6: 1667 daAuts
     D:2: 1444 daAuts
     D:4: 1268 daAuts
     D:5: 1202 daAuts
     D:3: 1059 daAuts
     D:7: 880 daAuts
     D:1: 821 daAuts
     D:8: 296 daAuts
  Temple: 103 daAuts
